 Dungeon Crawl Stone Soup version 0.26-a0-683-g5206c1d7ac (webtiles) character file.

Game seed: 18245062480361744904

2522 Baz the Summoner (level 9, -2/40 HPs)
             Began as a Felid Summoner on Oct 15, 2020.
             Was an Initiate of Gozag.
             Slain by a blink frog (10 damage)
             ... on level 1 of the Lair of Beasts on Oct 22, 2020.
             The game lasted 00:37:30 (13631 turns).

Baz the Summoner (Felid Summoner)                  Turns: 13631, Time: 00:37:30

Health: -2/40      AC:  2    Str:  4    XL:     9   Next: 29%
Magic:  15/28      EV: 22    Int: 20    God:    Gozag
Gold:   1256       SH:  0    Dex: 16    Spells: 4/21 levels left
                                        Lives:  0   Deaths: 2

rFire    . . .     SeeInvis +   (weapon unavailable)
rCold    . . .     Faith    .   (shield unavailable)
rNeg     . . .     Spirit   .   (armour unavailable)
rPois    .         Reflect  .   (helmet unavailable)
rElec    .         Harm     .   (cloak unavailable)
rCorr    .         Rampage  .   (gloves unavailable)
MR       +....                  (boots unavailable)
Stlth    +++.......             (no amulet)
HPRegen  0.13/turn              c - ring of magical power
MPRegen  0.21/turn              u - +4 ring of evasion

@: quick
A: very small, no armour, no weapons or thrown items, stealth, claws 1, fangs 3,
see invisible, speed 1, shaggy fur 2, sharp paws
a: Potion Petition, Call Merchant, Bribe Branch, Renounce Religion


You were on level 1 of the Lair of Beasts.
You worshipped Gozag.
Gozag was most pleased with you.
You visited 3 branches of the dungeon, and saw 12 of its levels.

You collected 1619 gold pieces.
You spent 289 gold pieces at shops.
You paid 74 gold pieces to Gozag.

Inventory:

Jewellery
 c - a ring of magical power (left paw)
 m - an uncursed ring of protection from fire
 p - an uncursed ring of ice
 r - an uncursed ring of ice
 u - a +4 ring of evasion (right paw)
 z - an uncursed ring of resist corrosion
 F - an uncursed ring of protection from fire
Wands
 A - a wand of paralysis (9)
 C - a wand of flame (18)
Scrolls
 a - 2 scrolls of random uselessness
 b - 7 scrolls of remove curse
 d - 3 scrolls of blinking
 e - 2 scrolls of amnesia
 j - 7 scrolls of teleportation
 l - a scroll of enchant armour
 n - 3 scrolls of fear
 o - 2 scrolls of magic mapping
 q - 7 scrolls of identify
 x - a scroll of brand weapon {unknown}
 y - 3 scrolls of enchant weapon {unknown}
 D - 2 scrolls of noise {unknown}
 E - 2 scrolls of immolation {unknown}
Potions
 f - 2 potions of resistance {unknown}
 g - a potion of magic
 h - 3 potions of heal wounds
 i - 3 potions of curing
 k - a potion of cancellation {unknown}
 s - 2 potions of mutation {unknown}
 t - a potion of degeneration {unknown}
 v - 2 potions of berserk rage {unknown}
 B - a potion of flight {unknown}
Miscellaneous
 w - a phial of floods


   Skills:
 + Level 5.5 Fighting
 - Level 2.6 Dodging
 - Level 4.0 Stealth
 + Level 6.6 Spellcasting
 - Level 5.5 Hexes
 * Level 10.6 Summonings


You had 4 spell levels left.
You knew the following spells:

 Your Spells              Type           Power        Failure   Level
a - Summon Small Mammal   Summ           ####         1%          1
b - Call Imp              Summ           #####...     1%          2
c - Call Canine Familiar  Summ           #####...     1%          3
d - Summon Guardian Gole  Hex/Summ       #####...     1%          3
e - Summon Lightning Spi  Summ/Air       ####....     11%         4
f - Summon Ice Beast      Ice/Summ       ####....     11%         4

Your spell library contained the following spells:

 Spells                   Type           Power        Failure   Level
 Magic Dart               Conj           #...         10%         1
 Dazzling Flash           Conj/Hex       ###...       10%         3
 Searing Ray              Conj           #.....       16%         2
 Fulminant Prism          Conj/Hex       ###.......   30%         4
 Iskenderun's Mystic Bla  Conj/Tloc      #.......     69%         4


Dungeon Overview and Level Annotations

Branches:
Dungeon (10/15)            Temple (1/1) D:5            Lair (1/6) D:8
    Orc: D:9-12

Altars:
Ashenzari
Cheibriados
Dithmenos
Elyvilon
Fedhas
Gozag
Hepliaklqana
Kikubaaqudgha
Makhleb
Nemelex Xobeh
Okawaru
Qazlal
Ru
Sif Muna
Trog
Uskayaw
Vehumet
Wu Jian
Xom
Yredelemnul
Zin
The Shining One

Shops:
D:4 *   D:7 ?   D:9 }


Innate Abilities, Weirdness & Mutations

You cannot wear armour.
You are incapable of wielding weapons or throwing items.
Your paws allow you to move quietly. (Stealth)
You have sharp claws.
You have razor-sharp teeth.
You have supernaturally acute eyesight. (SInv)
You cover ground quickly.
You are covered in thick fur. (AC +2)
Your sharp claws are effective at attacking unaware monsters.


Message History

Confirm with . or Enter, or press ? or * to list all spells.
The spell is quite dangerous to cast (11% risk of failure)!
Continue anyway?
A chill wind blows around you.
Your wolf bites the komodo dragon.
The blink frog hits you!
Your wolf bites the komodo dragon.
Unknown command.
Unknown command.
Your wolf bites the komodo dragon but does no damage.
The rime drake breathes ice at you. The flash freeze misses you.
The flash freeze hits your lightning spire!!
Your lightning spire partially resists.
Your lightning spire is flash-frozen.
The blink frog hits you!
* * * LOW HITPOINT WARNING * * *
Your wolf bites the komodo dragon.
Unknown command.
Unknown command.
The blink frog blinks! x2; The blink frog hits your ice beast!
The rime drake misses your wolf. The blink frog hits you!
You die...
Your body crumbles into a pile of gold.

.≈≈...##
#≈...#≈ ≈
#≈..≈≈ ..
#..≈≈#.#.
#.≈≈..#.≈
##...≈≈≈#.
######....k.≈..
.......@lh..≈..
.....8FY.......
.....FF8.......
.....F.........
...............
............#.#
..F.#........ .
....#.........


You could see a komodo dragon, 5 blink frogs, a rime drake (catching breath), a
friendly guardian golem (summoned), a friendly ice beast (summoned, sheltered),
a friendly wolf (summoned, sheltered) and a friendly lightning spire (summoned,
sheltered, frozen).

Vanquished Creatures
  A hound skeleton (D:7)
  An orc (D:5)
  2 hobgoblins (D:3)
  3 quokkas
  2 bats (D:3)
  A frilled lizard (D:4)
  3 goblins
  2 kobolds
  6 rats
21 creatures vanquished.

Vanquished Creatures (collateral kills)
  Harold (D:7)
  A two-headed ogre (D:8)
  3 trolls (D:9)
  Prince Ribbit (D:5)
  A yak (D:8)
  Eustachio (D:5)
  Menkaure (D:6)
  3 water moccasins
  2 sky beasts
  4 black bears (D:8)
  3 orc warriors
  2 necrophages (D:9)
  4 ogres
  2 phantoms (D:7)
  2 centaurs (D:8)
  Blork the orc (D:6)
  A bullfrog (D:7)
  A big kobold (D:8)
  A gnoll sergeant (D:7)
  5 scorpions
  9 killer bees
  2 jellies
  5 howler monkeys
  A quasit (D:9)
  A bullfrog zombie (D:6)
  An orc priest (D:9)
  6 hounds
  A bullfrog skeleton (D:6)
  4 iguanas
  5 orc wizards
  8 worker ants
  A hound zombie (D:5)
  7 gnolls
  14 adders
  A howler monkey skeleton (D:6)
  A shadow imp (D:5)
  3 white imps
  5 ufetubi
  An ooze (D:6)
  2 adder zombies
  An adder skeleton (D:5)
  4 worms
  A dart slug (D:2)
  4 leopard geckos
  25 orcs
  5 bats
  5 giant cockroaches
  7 hobgoblins
  4 jackals
  3 quokkas
  6 frilled lizards
  3 goblins
  A jackal zombie (D:5)
  9 kobolds
  A rat (D:1)
197 creatures vanquished.

Vanquished Creatures (others)
  An ogre (D:7)
  46 fungi (D:8)
  46 plants (D:8)
93 creatures vanquished.

Grand Total: 311 creatures vanquished

Notes
Turn   | Place    | Note
-------+----------+-------------------------------------------
     0 | D:1      | Baz the Felid Summoner began the quest for the Orb.
     0 | D:1      | Reached XP level 1. HP: 7/7 MP: 4/4
  1166 | D:2      | Reached XP level 2. HP: 12/12 MP: 6/6
  1192 | D:2      | Learned a level 2 spell: Call Imp
  2080 | D:2      | Reached skill level 1 in Fighting
  2240 | D:2      | Reached XP level 3. HP: 15/15 MP: 7/7
  2534 | D:3      | Learned a level 3 spell: Call Canine Familiar
  3683 | D:3      | Reached XP level 4. HP: 19/19 MP: 8/8
  3819 | D:3      | Found a shadowy altar of Dithmenos.
  4205 | D:4      | Found Xyju's General Store.
  4210 | D:4      | Bought a scroll of identify for 20 gold pieces
  4211 | D:4      | Bought a scroll of magic mapping for 35 gold pieces
  4291 | D:4      | Reached skill level 5 in Summonings
  4449 | D:4      | Reached XP level 5. HP: 22/22 MP: 10/10
  4455 | D:4      | Learned a level 3 spell: Summon Guardian Golem
  4790 | D:5      | Entered Level 5 of the Dungeon
  4912 | D:5      | Noticed an ogre
  4924 | D:5      | Killed an ogre
  4924 | D:5      | Reached skill level 1 in Hexes
  5202 | D:5      | Found a staircase to the Ecumenical Temple.
  5274 | Temple   | Entered the Ecumenical Temple
  5406 | Temple   | Became a worshipper of Gozag Ym Sagoz the Greedy
  5538 | D:5      | Noticed Prince Ribbit
  5670 | D:5      | Mangled by Prince Ribbit
  5671 | D:5      | Reached XP level 4. HP: -13/19 MP: 6/18
  5702 | D:5      | Killed Prince Ribbit
  5702 | D:5      | Reached XP level 5. HP: 22/22 MP: 10/10
  5747 | D:5      | Noticed Eustachio
  6100 | D:5      | Killed Eustachio
  6100 | D:5      | Reached skill level 6 in Summonings
  6100 | D:5      | Gained mutation: You are covered in thick fur. (AC +2)
                  | [Felid growth]
  6100 | D:5      | Reached XP level 6. HP: 13/26 MP: 6/12
  6964 | D:6      | Noticed an orc warrior
  6976 | D:6      | Killed an orc warrior
  6982 | D:6      | Noticed Menkaure
  6996 | D:6      | Killed Menkaure
  7161 | D:6      | Reached XP level 7. HP: 27/30 MP: 13/13
  7229 | D:6      | Learned a level 4 spell: Summon Lightning Spire
  7473 | D:6      | You fall into a shaft and drop 3 floors!
  7675 | D:8      | Noticed a two-headed ogre
  7698 | D:8      | Killed a two-headed ogre
  7698 | D:8      | Reached skill level 5 in Hexes
  7698 | D:8      | Reached skill level 7 in Summonings
  7943 | D:8      | Reached XP level 8. HP: 33/33 MP: 15/15
  7986 | D:8      | Found a staircase to the Lair.
  8000 | D:8      | Reached skill level 8 in Summonings
  8083 | D:8      | Reached skill level 5 in Spellcasting
  8369 | D:7      | Noticed Harold
  8388 | D:7      | Killed Harold
  8388 | D:7      | Reached skill level 9 in Summonings
  8485 | D:7      | Killed from afar by a white imp
  8486 | D:7      | Reached XP level 7. HP: -6/31 MP: 12/25
  8643 | D:8      | Reached XP level 8. HP: 13/36 MP: 17/17
 10062 | D:7      | Found Besitaeck's Magic Scroll Shoppe.
 10066 | D:7      | Bought a scroll of teleportation for 39 gold pieces
 10066 | D:7      | Bought 2 scrolls of blinking for 195 gold pieces
 10609 | D:6      | Noticed Blork the orc
 10641 | D:6      | Killed Blork the orc
 11566 | D:6      | Found a sacrificial altar of Ru.
 11891 | D:8      | Reached skill level 10 in Summonings
 12384 | D:9      | Learned a level 4 spell: Summon Ice Beast
 12405 | D:9      | Reached skill level 5 in Fighting
 12567 | D:9      | Reached XP level 9. HP: 40/40 MP: 19/19
 12762 | D:9      | Noticed a troll
 12781 | D:9      | Killed a troll
 12853 | D:9      | Found Tisuoge's Gadget Shop.
 12895 | D:9      | Noticed a troll
 12934 | D:9      | Killed a troll
 13430 | D:9      | Noticed a troll
 13437 | D:9      | Killed a troll
 13549 | D:10     | Entered Level 10 of the Dungeon
 13625 | Lair:1   | Entered Level 1 of the Lair of Beasts
 13625 | Lair:1   | Noticed a komodo dragon
 13625 | Lair:1   | Noticed a rime drake
 13626 | Lair:1   | Upgraded the game from 0.26-a0-665-gefeb406119 to
                  | 0.26-a0-683-g5206c1d7ac
 13631 | Lair:1   | Slain by a blink frog

Illustrated notes

Levels and vault maps discovered:
D:1:      minmay_arrival_three_doors, layout_rooms, hangedman_feature_mirror
D:2:      layout_basic, grunt_ministairs_5
D:3:      layout_loops_cross, lemuel_coloured_pillars_altar
D:4:      layout_cave_pools, serial_shops, kennysheep_little_box,
          kennysheep_dice
D:5:      minmay_octagon_keep, layout_basic, minmay_temple_entry_glass,
          uniq_eustachio, uniq_prince_ribbit1
D:6:      minmay_recursive_quarters, layout_rooms, st_stairs_11,
          nicolae_ru_path_of_blood, uniq_blork_the_orc, uniq_menkaure
D:7:      layout_basic, serial_shops, shop, hangedman_abyss_or_decor_stagger,
          uniq_harold
D:8:      layout_basic, due_lair_maze_entry_diamond
D:9:      layout_small_grid, serial_shops, kennysheep_mini_moat
D:10:     layout_long_grid, lemuel_flamethrower_2
Temple:   kilobyte_greek_temple
Lair:1:   layout_regular_city, serial_rivers, chequers_serial_rivers_large_b,
          chequers_serial_rivers_small_b, chequers_serial_rivers_micro_b,
          chequers_serial_rivers_room_a, chequers_serial_rivers_marsh,
          chequers_serial_rivers_large_a, minmay_lair_oklob_bushes,
          serial_bayou_shore_b

Skill      XL: |  1  2  3  4  5  6  7  8 |
---------------+-------------------------+-----
Stealth        | 3 4 |  4.0
Fighting       | 1 2 4 5 |  5.5
Summonings     | 5 6 7 10 | 10.6
Hexes          | 2 3 4 5 |  5.5
Spellcasting   | 3 4 6 |  6.6
Dodging        | |  2.6

Action                   |  1- 3 |  4- 6 |  7- 9 || total
-------------------------+-------+-------+-------++-------
Melee: Unarmed           |    65 |    17 |    47 ||   129
       Bite              |     7 |     1 |     8 ||    16
 Cast: Summon Small Mamm |    40 |    12 |     6 ||    58
       Call Imp          |    48 |    68 |   114 ||   230
       Call Canine Famil |     1 |    10 |    46 ||    57
       Summon Guardian G |       |     2 |    13 ||    15
       Summon Lightning  |       |       |     3 ||     3
       Summon Ice Beast  |       |       |     1 ||     1
Evoke: Phial of floods   |       |       |     1 ||     1
  Use: Scroll            |       |    10 |       ||    10
       Potion            |       |       |     2 ||     2
 Stab: Sleeping          |    10 |     1 |       ||    11
Armor: Skin              |     6 |     4 |     7 ||    17
Dodge: Dodged            |    82 |    51 |   124 ||   257

Table legend: (Time is in decaauts)
 A = Elapsed time spent in this place.
 B = Non-inter-level travel time spent in this place.
 C = Inter-level travel time spent in this place.
 D = Time resting spent in this place.
 E = Time spent auto-exploring this place.
 F = Levels seen in this place.
 G = Mean time per level.
                   A        B        C        D        E       F      G
               +--------+--------+--------+--------+--------+-----+--------+
         Total |  12309 |  11952 |    357 |   4524 |   4437 |  12 | 1025.8 |
       Dungeon |  11912 |  11577 |    335 |   4270 |   4358 |  10 | 1191.2 |
        Temple |    391 |    370 |     21 |    254 |     78 |   1 |  391.0 |
          Lair |      5 |      5 |      0 |      0 |      0 |   1 |    5.0 |
               +--------+--------+--------+--------+--------+-----+--------+

Top non-repeatable levels by time:
     D:8: 2017 daAuts
     D:5: 1649 daAuts
     D:6: 1502 daAuts
     D:3: 1372 daAuts
     D:2: 1247 daAuts
     D:9: 1193 daAuts
     D:7: 1161 daAuts
     D:1: 1079 daAuts
     D:4: 662 daAuts
  Temple: 391 daAuts
    D:10: 25 daAuts
  Lair:1: 5 daAuts
